 Dungeon Crawl Stone Soup version 0.15.1-3-g1b33baa (webtiles) character file.

224 CrazyArbalest the Covered (level 6, -2/42 HPs)
             Began as a Halfling Fighter on Oct 9, 2014.
             Slain by a scorpion (5 damage)
             ... on Level 4 of the Dungeon.
             The game lasted 00:13:40 (3987 turns).

CrazyArbalest the Covered (Halfling Fighter)        Turns: 3987, Time: 00:13:40

HP  -2/42        AC  7     Str 16      XL: 6   Next: 20%
MP   6/6         EV 10     Int  7      God:
Gold 264         SH  6     Dex 16      Spells:  0 memorised,  5 levels left

rFire  . . .     SeeInvis .     a - +0 cutlass
rCold  . . .     Clarity  .     b - +0 scale mail
rNeg   . . .     rCorr    .     c - +0 buckler
rPois  .         rRot     .     (no helmet)
rElec  .         Spirit   .     (no cloak)
SustAb .         Warding  .     (no gloves)
rMut   .         Stasis   .     (no boots)
Gourm  .                        v - cursed amulet of inaccuracy
MR     .....                    (no ring)
                                (no ring)

@: lethally poisoned, not resistant to hostile enchantments, extremely
unstealthy
A: mutation resistance 1
a: no special abilities


You were on level 4 of the Dungeon.
You were not hungry.

You visited 2 branches of the dungeon, and saw 5 of its levels.

You collected 264 gold pieces.

Inventory:

Hand weapons
 a - a +0 cutlass (weapon)
Missiles
 i - 21 sling bullets
 k - 121 stones (quivered)
Armour
 b - a +0 scale mail (worn)
 c - a +0 buckler (worn)
Magical devices
 y - a wand of cold (8) {unknown}
Comestibles
 d - 2 bread rations
 o - 5 fruits
 p - a beef jerky
 z - a chunk of hobgoblin flesh
 A - a chunk of adder flesh
Scrolls
 f - 4 scrolls of identify
 g - 3 scrolls of random uselessness
 h - 2 scrolls of teleportation
 q - a scroll of immolation {unknown}
 s - a scroll of magic mapping {unknown}
 u - a scroll of enchant weapon {unknown}
 x - 2 scrolls of blinking {unknown}
Jewellery
 m - an uncursed amulet of clarity
 v - a cursed amulet of inaccuracy (around neck)
Potions
 e - 3 potions of might
 j - a potion of mutation {unknown}
 l - 2 potions of curing
 n - a potion of brilliance {unknown}
 r - a potion of magic {unknown}
 t - a potion of heal wounds {unknown}
 w - a potion of flight {unknown}
 E - a potion of agility {unknown}


   Skills:
 + Level 3.3 Fighting
 + Level 3.9 Short Blades
 + Level 4.6 Armour
 + Level 2.6 Dodging
 + Level 0.2 Stealth
 + Level 4.2 Shields


You had 5 spell levels left.
You didn't know any spells.

Dungeon Overview and Level Annotations

Branches:
Dungeon (4/15)             Temple (1/1) D:4

Altars:
Ashenzari
Cheibriados
Dithmenos
Elyvilon
Fedhas
Kikubaaqudgha
Okawaru
Qazlal
Sif Muna
Trog
Vehumet
The Shining One
Beogh


Innate Abilities, Weirdness & Mutations

You are small and have problems with some larger weapons.
You are somewhat resistant to further mutation.


Message History

You closely miss the scorpion.
The scorpion is heavily wounded.
You feel sick. The scorpion barely misses you.
You barely miss the scorpion.
The scorpion is heavily wounded.
You feel sick. The scorpion stings you.
* * * LOW HITPOINT WARNING * * *
You completely miss the scorpion.
The scorpion is heavily wounded.
You feel sick. The scorpion stings you.
* * * LOW HITPOINT WARNING * * *
You closely miss the scorpion.
The scorpion is heavily wounded.
The scorpion stings you.
* * * LOW HITPOINT WARNING * * *
You hit the scorpion but do no damage.
The scorpion is heavily wounded.
* * * LOW HITPOINT WARNING * * *
You feel sick. The scorpion stings you.
You die...

..............+
.........###.##
.........#...#
.r......#.#.#
.......#...#
......#.#.#
...#...# #.#.#
#..@# ###s# ..#
.#.# #...# #
#.+ ..# #.# ..#


You could see a scorpion.

Vanquished Creatures
  2 orc priests (D:3)
  A worker ant (D:4)
  5 adders
  A worm (D:1)
  6 orcs
  2 ball pythons
  8 bats
  2 giant cockroaches (D:2)
  16 hobgoblins
  4 jackals (D:3)
  2 quokkas
  A giant gecko (D:1)
  6 giant newts (D:1)
  11 goblins
  A hobgoblin skeleton (D:4)
  8 kobolds
  13 rats
89 creatures vanquished.

Notes
Turn   | Place    | Note
--------------------------------------------------------------
     0 | D:1      | CrazyArbalest, the Halfling Fighter, began the quest for the Orb.
     0 | D:1      | Reached XP level 1. HP: 15/15 MP: 1/1
   183 | D:1      | Reached XP level 2. HP: 20/20 MP: 2/2
   427 | D:1      | Reached XP level 3. HP: 18/25 MP: 3/3
  1021 | D:1      | Reached skill level 4 in Armour
  1065 | D:1      | Reached XP level 4. HP: 25/31 MP: 4/4
  1125 | D:2      | Found an iron altar of Okawaru.
  1550 | D:2      | Found a blossoming altar of Fedhas.
  1552 | D:2      | Found a stormy altar of Qazlal.
  1936 | D:3      | Reached skill level 1 in Dodging
  2145 | D:3      | Found a roughly hewn altar of Beogh.
  2170 | D:3      | Reached XP level 5. HP: 34/36 MP: 5/5
  2507 | D:3      | Found a snail-covered altar of Cheibriados.
  2508 | D:3      | Found a white marble altar of Elyvilon.
  3173 | D:4      | Found a staircase to the Ecumenical Temple.
  3179 | Temple   | Entered the Ecumenical Temple
  3460 | D:4      | Reached XP level 6. HP: 40/42 MP: 6/6
  3570 | D:4      | HP: 2/42 [poisoned by a worker ant]
  3578 | D:4      | HP: 1/42 [poisoned by a worker ant]
  3987 | D:4      | Slain by a scorpion

Action                   |  1- 3 |  4- 6 || total
-------------------------+-------+-------++-------
Melee: Cutlass           |   138 |   367 ||   505
  Use: Scroll            |       |     3 ||     3
       Potion            |       |     1 ||     1
  Eat: Chunk             |     1 |    10 ||    11
